 Dungeon Crawl Stone Soup version 0.25.1-2-g60ff931df9 (webtiles) character file.

Game seed: 91773453553676446

214 pokeman the Magician (level 5, -1/29 HPs)
             Began as a Deep Elf Wizard on Oct 13, 2020.
             Slain by a gnoll
             ... wielding a +0 flail
              (9 damage)
             ... on level 3 of the Dungeon.
             The game lasted 00:06:08 (4110 turns).

pokeman the Magician (Deep Elf Wizard)              Turns: 4110, Time: 00:06:09

Health: -1/29      AC:  2    Str:  4    XL:     5   Next: 60%
Magic:  4/15       EV: 13    Int: 24    God:
Gold:   156        SH:  0    Dex: 13    Spells: 5/16 levels left

rFire    . . .     SeeInvis .   s - +2 short sword (speed)
rCold    . . .     Gourm    .   (no shield)
rNeg     . . .     Faith    .   a - +0 robe
rPois    .         Spirit   .   b - +0 hat
rElec    .         Reflect  .   (no cloak)
rCorr    .         Harm     .   (no gloves)
MR       .....                  (no boots)
Stlth    ++........             (no amulet)
HPRegen  0.09/turn              t - -4 ring of slaying (curse)
MPRegen  0.14/turn              (no ring)

@: no status effects
A: no striking features
a: no special abilities


You were on level 3 of the Dungeon.
You were not hungry.

You visited 1 branch of the dungeon, and saw 3 of its levels.

You collected 156 gold pieces.

Inventory:

Hand Weapons
 s - a +2 short sword of speed (weapon)
Armour
 a - a +0 robe (worn)
 b - a +0 hat (worn)
Jewellery
 t - a cursed -4 ring of slaying (left hand)
Wands
 n - a wand of acid (7)
Scrolls
 g - a scroll of immolation {unknown}
 h - 3 scrolls of teleportation {unknown}
 i - 2 scrolls of fear {unknown}
 k - 2 scrolls of remove curse {unknown}
 m - a scroll of enchant weapon {unknown}
 o - a scroll of amnesia {unknown}
 r - a scroll of blinking {unknown}
Potions
 c - a potion of lignification {unknown}
 e - a potion of flight {unknown}
 f - a potion of degeneration {unknown}
 l - a potion of haste {unknown}
 p - a potion of ambrosia {unknown}
 q - a potion of curing {unknown}
Comestibles
 d - 4 rations
 j - 4 chunks of flesh


   Skills:
 - Level 1.0 Fighting
 - Level 1.0 Armour
 + Level 2.5 Dodging
 - Level 2.4 Stealth
 * Level 6.2 Spellcasting
 * Level 3.2 Conjurations
 - Level 1.1 Summonings
 - Level 1.1 Translocations
 - Level 1.0 Fire Magic
 - Level 1.0 Air Magic
 - Level 1.0 Poison Magic
 + Level 0.6 Evocations


You had 5 spell levels left.
You knew the following spells:

 Your Spells              Type           Power        Failure   Level  Hunger
a - Magic Dart            Conj           ###.         1%          1    None
b - Mephitic Cloud        Conj/Pois/Air  ###.....     11%         3    None
c - Call Imp              Summ           ##......     8%          2    None
d - Blink                 Tloc           N/A          8%          2    None
e - Conjure Flame         Conj/Fire      ###.....     10%         3    None

Your spell library contained the following spells:

 Spells                   Type           Power        Failure   Level  Hunger
 Slow                     Hex            #.......     12%         2    None


Dungeon Overview and Level Annotations

Branches:
Dungeon (3/15)

Altars:
Cheibriados
Makhleb
Nemelex Xobeh
Trog
Xom


Message History

The gnoll is almost dead.
The gnoll barely misses the gnoll.
You strike the helpless gnoll from behind!
You hit the gnoll but do no damage.
The gnoll is almost dead.
The gnoll closely misses you.
You hit the gnoll.
You kill the gnoll!
The gnoll closely misses you.
You hit the gnoll.
The gnoll is heavily wounded.
You completely miss the gnoll.
The gnoll is heavily wounded.
The gnoll closely misses you.
An adder comes into view.
The adder hisses angrily.
You hit the gnoll but do no damage.
The gnoll is heavily wounded.
The gnoll hits you with a +0 flail!
You die...

#...>.#..# .#.#.[
#.<...#..###.#^...
#..........≈≈≈≈...
#.....##.#.≈....# ##
##.....##.##≈≈≈≈.##.##
####....#.######.#...###
+.......................
####....########S#...##
##.........# #@# ##
#.........#...g)...#
#.........#.###.##.#
###....#### ... # ##...#
#.# ## #...# #.# .#
##.## #.# .# #.# ...
.#####.#


You could see a gnoll (confused) and an adder.

Vanquished Creatures
  9 adders
  5 gnolls (D:3)
  An ooze (D:2)
  2 dart slugs (D:2)
  A leopard gecko (D:2)
  An orc (D:3)
  16 bats
  3 giant cockroaches (D:2)
  9 hobgoblins
  5 jackals
  11 kobolds
  2 quokkas
  2 ball pythons
  3 frilled lizards
  6 goblins
  7 rats
83 creatures vanquished.

Notes
Turn   | Place    | Note
-------+----------+-------------------------------------------
     0 | D:1      | pokeman the Deep Elf Wizard began the quest for the Orb.
     0 | D:1      | Reached XP level 1. HP: 10/10 MP: 7/7
   101 | D:1      | Found a shimmering altar of Xom.
   340 | D:1      | Reached XP level 2. HP: 16/16 MP: 6/9
   819 | D:1      | Reached skill level 5 in Spellcasting
  1179 | D:1      | Reached XP level 3. HP: 20/20 MP: 8/11
  1184 | D:1      | Learned a level 3 spell: Mephitic Cloud
  1187 | D:1      | Learned a level 2 spell: Call Imp
  1190 | D:1      | Learned a level 2 spell: Blink
  1194 | D:1      | Learned a level 3 spell: Conjure Flame
  1817 | D:2      | Reached skill level 1 in Armour
  1875 | D:2      | Reached skill level 1 in Fighting
  1997 | D:2      | Reached XP level 4. HP: 25/25 MP: 9/13
  2230 | D:2      | Found a snail-covered altar of Cheibriados.
  2233 | D:2      | Found a sparkling altar of Nemelex Xobeh.
  2236 | D:2      | Found a bloodstained altar of Trog.
  2614 | D:2      | Reached skill level 1 in Fire Magic
  3254 | D:2      | Found a burning altar of Makhleb.
  3272 | D:2      | Reached XP level 5. HP: 29/29 MP: 11/15
  3586 | D:3      | Reached skill level 1 in Air Magic
  3630 | D:3      | Reached skill level 6 in Spellcasting
  3852 | D:3      | Reached skill level 1 in Poison Magic
  4110 | D:3      | Slain by a gnoll

Illustrated notes

Levels and vault maps discovered:
D:1:      psy_arrival_basics, layout_basic, xom_teletrap_fun
D:2:      minmay_skewed_foursquare, layout_basic, lemuel_doored_altar,
          grunt_temple_overflow_diamond, kennysheep_nondescript,
          minmay_small_reverse_x
D:3:      layout_loops_corners, lemuel_coloured_pillars_altar, first_ration,
          serial_rivers, chequers_serial_rivers_micro_b,
          chequers_serial_rivers_micro_d, chequers_serial_rivers_micro_e,
          chequers_serial_rivers_micro_c, chequers_serial_rivers_micro_a,
          chequers_serial_rivers_small_b, kennysheep_generic_room_9

Skill      XL: |  1  2  3  4  5 |
---------------+----------------+-----
Spellcasting   | 5 6 |  6.2
Armour         | 1 |  1.0
Conjurations   | 2 3 |  3.2
Fighting       | 1 |  1.0
Fire Magic     | 1 |  1.0
Air Magic      | 1 |  1.0
Poison Magic   | 1 |  1.0
Dodging        | |  2.5
Stealth        | |  2.4
Summonings     | |  1.1
Translocations | |  1.1
Evocations     | |  0.6

Action                   |  1- 3 |  4- 6 || total
-------------------------+-------+-------++-------
Melee: Short sword       |       |     9 ||     9
 Cast: Magic Dart        |    91 |   124 ||   215
       Mephitic Cloud    |       |     1 ||     1
 Stab: Confused          |       |     3 ||     3
  Eat: Chunk             |     3 |     6 ||     9
Armor: Robe              |     3 |     7 ||    10
Dodge: Dodged            |    10 |    24 ||    34
